 Dungeon Crawl Stone Soup version 0.27-a0-362-g8331d791d5 (webtiles) character file.

Game seed: 16106753117275981604

109 Ankhboy the Slinger (level 5, -2/51 HPs)
             Began as a Halfling Hunter on Feb 16, 2021.
             Was an Initiate of Cheibriados.
             Slain by an orc priest (3 damage)
             ... on level 3 of the Dungeon.
             The game lasted 00:42:15 (1561 turns).

Ankhboy the Slinger (Halfling Hunter)               Turns: 1561, Time: 00:42:16

Health: -2/51      AC: 22    Str: 14    XL:     5   Next: 13%
Magic:  5/5        EV:  3    Int: 10    God:    Cheibriados [......]
Gold:   139        SH:  0    Dex: 17    Spells: 4/4 levels left

rFire    . . .     SeeInvis .   s - +0 dagger (venom)
rCold    . . .     Faith    .   (shield restricted)
rNeg     + + +     Spirit   .   (armour currently unavailable)
rPois    +         Reflect  .   (helmet currently unavailable)
rElec    .         Harm     .   (cloak currently unavailable)
rCorr    .         Rampage  .   (gloves currently unavailable)
Will     .....     NoTele   +   (boots currently unavailable)
Stlth    ++........             (no amulet)
HPRegen  0.17/turn              (no ring)
MPRegen  0.09/turn              (no ring)

@: tree-form, very slow
A: small, mutation resistance 1
a: Renounce Religion, Bend Time


You were on level 3 of the Dungeon.
You worshipped Cheibriados.
Cheibriados was noncommittal.
You were a tree.
You visited 1 branch of the dungeon, and saw 3 of its levels.

You collected 139 gold pieces.

Inventory:

Hand Weapons
 a - a +1 hunting sling
 b - a +0 short sword
 k - a +0 dagger
 n - a +0 whip
 s - a +0 dagger of venom (weapon)
Missiles
 d - 28 sling bullets
 h - 33 stones (quivered)
 j - 64 arrows
 w - 5 curare-tipped darts
Armour
 c - a +0 leather armour
 f - a +0 ring mail
 l - a +0 ring mail (melded)
 o - a +0 chain mail
 q - a +0 pair of gloves (melded)
Wands
 r - a wand of random effects (25)
 v - a wand of polymorph (7)
Scrolls
 e - 3 scrolls of identify {unknown}
 g - 2 scrolls of teleportation {unknown}
 i - 2 scrolls of enchant weapon {unknown}
 u - a scroll of magic mapping {unknown}
Potions
 p - a potion of lignification


   Skills:
 + Level 2.2 Fighting
 + Level 1.2 Short Blades
 + Level 8.0 Slings
 + Level 0.9 Armour
 + Level 2.2 Dodging
 + Level 1.1 Stealth


You had 4 spell levels left.
You didn't know any spells.
Your spell library contained the following spells:

 Spells                   Type           Power        Failure   Level
 Beastly Appendage        Tmut           0%           36%         1
 Wereblood                Tmut           0%           50%         2
 Spider Form              Tmut/Pois      0%           75%         3
 Ice Form                 Ice/Tmut       0%           98%         4
 Blade Hands              Tmut           0%           100%        5


Dungeon Overview and Level Annotations

Branches:
Dungeon (3/15)

Altars:
Cheibriados

Annotations:
D:3 Jessica


Innate Abilities, Weirdness & Mutations

You are small and have problems with some larger weapons.
You are somewhat resistant to further mutation.


Message History

The orc priest invokes the aid of Beogh against you.
Beogh smites you!
* * * LOW HITPOINT WARNING * * *
It was a potion of lignification.
You turn into a tree.
Your +0 pair of gloves melds into your body.
Your +0 ring mail melds into your body.
Your roots penetrate the ground.
The orc priest begins to cast a cantrip, but forgets the words!
It was a potion of curing.
You feel better.
The orc priest calls upon Beogh to heal the orc priest.
The orc priest's wounds heal themselves!
Your +0 dagger of venom begins to drip with poison!
s - a +0 dagger of venom (weapon)
You barely miss the kobold.
Jessica looks very angry.
Jessica casts a spell.
Jessica blinks!
The kobold barely misses you.
You cannot move.
You closely miss the kobold.
The kobold hits you but does no damage. x2
You closely miss the kobold.
Jessica casts a spell.
Jessica blinks!
The kobold barely misses you. The kobold hits you but does no damage.
You hit the kobold.
You kill the kobold!
Cheibriados thoroughly appreciates the change of pace.
You completely miss the orc priest. The kobold hits you but does no damage.
The orc priest hits you but does no damage.
You barely miss the orc priest. The kobold hits you but does no damage.
The orc priest miscasts a cantrip.
The orc priest hits you but does no damage.
You hit the orc priest but do no damage.
The orc priest is poisoned.
The kobold hits you.
The orc priest mumbles some strange prayers to Beogh against you.
Beogh smites you!
* * * LOW HITPOINT WARNING * * *
The orc priest hits you but does no damage.
As you read the scroll labelled CYSEXO WIPYLU, it crumbles to dust.
The dust glows faint brown!
It was a scroll of random uselessness.
The kobold hits you but does no damage. The orc priest hits you.
You die...

...#######'###########.
#................# ##
#. #...............#
#'##...............#
...................#
.............#######
..........[..#
...#.#'###'## ###.#♣#
#.♣ #..Ko# #♣♣
#####...## #†......#
#.......## #........#
#........## #..@.....o#
#.......#)#


You could see an orc priest (very poisoned), Jessica and a kobold.

Vanquished Creatures
  2 adders
  2 oozes
  2 worms (D:2)
  3 dart slugs
  2 leopard geckos
  4 orcs (D:3)
  3 giant cockroaches
  13 goblins
  5 hobgoblins
  7 kobolds
  A ball python (D:1)
  10 bats
  5 frilled lizards
  5 rats
64 creatures vanquished.

Notes
Turn   | Place    | Note
-------+----------+-------------------------------------------
     0 | D:1      | Ankhboy the Halfling Hunter began the quest for the Orb.
     0 | D:1      | Reached XP level 1. HP: 14/14 MP: 1/1
    50 | D:1      | Reached skill level 6 in Slings
    92 | D:1      | Reached XP level 2. HP: 19/19 MP: 2/2
   279 | D:1      | Reached XP level 3. HP: 24/24 MP: 3/3
   289 | D:1      | Reached skill level 7 in Slings
   975 | D:2      | Reached XP level 4. HP: 28/29 MP: 4/4
  1237 | D:2      | Found a snail-covered altar of Cheibriados.
  1288 | D:2      | Became a worshipper of Cheibriados the Contemplative
  1467 | D:3      | Reached skill level 1 in Short Blades
  1467 | D:3      | Reached XP level 5. HP: 34/34 MP: 5/5
  1522 | D:3      | Reached skill level 8 in Slings
  1534 | D:3      | Noticed Jessica
  1560 | D:3      | HP: 1/51 [orc priest/divine providence (15)]
  1561 | D:3      | Slain by an orc priest

Illustrated notes

Levels and vault maps discovered:
D:1:      lightli_arrival_statuegarden, layout_loops_corners
D:2:      layout_rooms, cheibriados_altar_1
D:3:      layout_basic, good_gods_temple_1, uniq_jessica

Skill      XL: |  1  2  3  4  5 |
---------------+----------------+-----
Slings         | 6 7 8 |  8.0
Fighting       | 2 |  2.2
Short Blades   | 1 |  1.2
Armour         | |  0.9
Dodging        | |  2.2
Stealth        | |  1.1

Action                   |  1- 3 |  4- 6 || total
-------------------------+-------+-------++-------
Melee: Short sword       |    38 |    23 ||    61
       Dagger            |       |    20 ||    20
 Fire: Hunting sling     |    56 |    53 ||   109
  Use: Potion            |       |     2 ||     2
       Scroll            |       |     1 ||     1
Armor: Ring mail         |    17 |    14 ||    31
       Skin              |       |     9 ||     9
Dodge: Dodged            |    33 |    23 ||    56

Table legend: (Time is in decaauts)
 A = Elapsed time spent in this place.
 B = Non-inter-level travel time spent in this place.
 C = Inter-level travel time spent in this place.
 D = Time resting spent in this place.
 E = Time spent auto-exploring this place.
 F = Levels seen in this place.
 G = Mean time per level.
                   A        B        C        D        E       F      G
               +--------+--------+--------+--------+--------+-----+--------+
         Total |   1586 |   1586 |      0 |      0 |      0 |   3 |  528.7 |
       Dungeon |   1586 |   1586 |      0 |      0 |      0 |   3 |  528.7 |
               +--------+--------+--------+--------+--------+-----+--------+

Top non-repeatable levels by time:
     D:1: 904 daAuts
     D:2: 522 daAuts
     D:3: 158 daAuts
